cohdb
Replays
Latest Replays
All Replays
Popular Replays
Top Player Replays
Match Explorer
How It Works
Community
CoH3 Stats
Reddit
Sign in to upload your games and track your stats! →
Sign in with Steam
Match 42526683
Unlisted
Match 42526683
Overview
Messages
Build Orders
End
Panzerpioneer Squad
250 Light Carrier
Panzerpioneer Squad
250 Light Carrier
Construct Light Support Kompanie
MG34 Team
MG34 Team
Fire Support Elements
Selects Armored Support Battlegroup
Selects Veteran Gunners
le.IG 18 Mechanized Group
Panzerpioneer Squad
MG34 Team
Selects Salvage Kits
Construct Panzerarmee Kommand
Panzerjäger Squad
Panzerjäger Squad
le.IG 18 Mechanized Group
Selects Flammpanzer III Medium Tank
Panzer III L Medium Tank
Panzer III L Medium Tank
Tungsten Core Ammunition
Panzer III L Medium Tank
Armored Reserves
2.5-tonne Medical Truck
Selects Command Panzer IV F Medium Tank
Selects Panzer Storm
Command Panzer IV F Medium Tank
Panzerpioneer Squad
Panzer IV Assault Group
友YUU
Big Bang
Kooshaba
Strider_perc
KevinTDW
Addictus Caesar
0
0
Comments
sign in to comment!
No comments posted yet!